 Dungeon Crawl Stone Soup version 0.27.1-33-g824d729ab1 (webtiles) character file.

Game seed: 2826616524512265328

26680 alasdair19 the Carver (level 13, -5/113 HPs)
             Began as a Minotaur Fighter on Nov 25, 2021.
             Was a High Priest of Okawaru.
             Slain by a very large slime creature (50 damage)
             ... on level 12 of the Dungeon.
             The game lasted 01:06:01 (19777 turns).

alasdair19 the Carver (Minotaur Fighter)           Turns: 19777, Time: 01:06:02

Health: -5/113     AC: 28    Str: 26    XL:     13   Next: 0%
Magic:  17/17      EV:  7    Int: 12    God:    Okawaru [*****.]
Gold:   1059       SH: 13    Dex:  9    Spells: 12/12 levels left

rFire    . . .     SeeInvis .   u - +2 falchion (protect)
rCold    . . .     Faith    .   c - +0 kite shield
rNeg     . . .     Spirit   .   Q - +0 plate armour
rPois    .         Reflect  .   U - +1 hat {Stlth+}
rElec    .         Harm     .   (no cloak)
rCorr    .         Rampage  .   m - +0 pair of gloves
Will     +....                  W - +2 pair of boots {Fly}
Stlth    ..........             (no amulet)
HPRegen  0.28/turn              F - ring of Nonnidoh {+Blink Int+6 Slay+2}
MPRegen  0.15/turn              D - ring of willpower

@: under a protective aura, flying
A: horns 2, retaliatory headbutt
a: Renounce Religion, Evoke Blink, Heroism, Finesse


You were on level 12 of the Dungeon.
You worshipped Okawaru.
Okawaru was extremely pleased with you.
You visited 4 branches of the dungeon, and saw 16 of its levels.

You collected 1379 gold pieces.
You spent 320 gold pieces at shops.

Inventory:

Hand Weapons
 a - a +1 long sword
 f - the +0 short sword of the Sage {vorpal, *Corrode Int+5 Dex+3}
   (You took it off a goblin on level 4 of the Dungeon)

   It inflicts extra damage upon your enemies.
   Int:       It affects your intelligence (+5).
   Dex:       It affects your dexterity (+3).
   *Corrode:  It may corrode you when you take damage.
 k - a +2 dagger of protection
 q - a +1 vampiric short sword
 u - a +2 falchion of protection (weapon)
 P - a +0 short sword
 R - a +1 vorpal falchion
Missiles
 i - 7 silver boomerangs
 j - 6 boomerangs
 t - 5 javelins (quivered)
 B - 2 silver javelins
Armour
 c - a +0 kite shield (worn)
 m - a +0 pair of gloves (worn)
 Q - a +0 plate armour (worn)
 U - a +1 hat of stealth (worn)
 V - +0 acid dragon scales
 W - a +2 pair of boots of flying (worn)
Jewellery
 l - a ring of protection from cold
 o - a ring of protection from cold
 w - a +6 ring of strength
 A - a ring of ice
 C - a ring of flight
 D - a ring of willpower (right hand)
 F - the ring of Nonnidoh (left hand) {+Blink Int+6 Slay+2}
   (You bought it in a shop on level 7 of the Dungeon)

   [ring of intelligence]

   Int:       It affects your intelligence (+6).
   Slay:      It affects your accuracy & damage with ranged weapons and melee
   (+2).
   +Blink:    It lets you blink.
 H - a ring of fire
 J - a ring of poison resistance
 L - a +4 ring of evasion
 M - a ring of see invisible
 O - a +6 ring of strength
Wands
 d - a wand of flame (41)
 x - a wand of digging (15)
 y - a wand of paralysis (17)
 I - a wand of polymorph (6)
 S - a wand of iceblast (6)
Scrolls
 b - 2 scrolls of identify
 g - 2 scrolls of blinking
 r - a scroll of acquirement {unknown}
 s - 2 scrolls of vulnerability {unknown}
 G - a scroll of fear {unknown}
 N - 2 scrolls of enchant weapon
 T - a scroll of immolation {unknown}
Potions
 e - a potion of resistance
 h - 2 potions of magic
 n - 3 potions of curing
 p - 3 potions of lignification
 v - 2 potions of flight
 z - 2 potions of invisibility
 E - a potion of ambrosia
 K - a potion of mutation


   Skills:
 + Level 10.3 Fighting
 + Level 1.3(8.4) Short Blades
 + Level 13.7 Long Blades
 - Level 5.1 Throwing
 + Level 12.3 Armour
 - Level 0.6 Dodging
 - Level 0.1 Stealth
 + Level 12.0 Shields
 * Level 7.2 Invocations
 - Level 3.0 Evocations


You had 12 spell levels left.
You didn't know any spells.
Your spell library contained the following spells:

 Spells                   Type           Power      Damage    Failure   Level
 Animate Skeleton         Necr           0%         N/A       98%         1
 Apportation              Tloc           0%         N/A       98%         1
 Beastly Appendage        Tmut           0%         N/A       98%         1
 Corona                   Hex            0%         N/A       98%         1
 Summon Small Mammal      Summ           0%         N/A       98%         1
 Passwall                 Tmut/Erth      0%         N/A       99%         2
 Wereblood                Tmut           0%         N/A       99%         2
 Spider Form              Tmut/Pois      0%         N/A       100%        3
 Swiftness                Air            0%         N/A       100%        3
 Animate Dead             Necr           0%         N/A       100%        4
 Olgreb's Toxic Radiance  Pois           0%         N/A       100%        4
 Borgnjor's Vile Clutch   Necr/Erth      0%         N/A       100%        5
 Death Channel            Necr           0%         N/A       100%        6
 Invisibility             Hex            0%         N/A       100%        6
 Ozocubu's Refrigeration  Ice            0%         4d5       100%        7
 Ignition                 Fire           0%         3d3       100%        8


Dungeon Overview and Level Annotations

Branches:
Dungeon (12/15)            Temple (1/1) D:4            Lair (1/6) D:9
    Orc (2/2) D:11
    Elf: Orc:2

Altars:
Ashenzari
Cheibriados
Dithmenos
Elyvilon
Fedhas
Gozag
Hepliaklqana
Kikubaaqudgha
Makhleb
Nemelex Xobeh
Okawaru
Qazlal
Ru
Sif Muna
Trog
Uskayaw
Vehumet
Wu Jian
Xom
Yredelemnul
Zin
The Shining One
Beogh

Shops:
D:4 (   D:6 [   D:7 *

Annotations:
D:11 3 runed translucent doors, dragonscale333's ghost, journeyman MfIE
Orc:2 Saint Roka


Innate Abilities, Weirdness & Mutations

You have a pair of horns on your head.
You reflexively headbutt those who attack you in melee.


Message History

The large slime creature is severely wounded.
You block the large slime creature's attack.
You slash the large slime creature!
The large slime creature is severely wounded.
Two slime creatures merge to form a very large slime creature.
You completely miss the very large slime creature.
The very large slime creature is heavily wounded.
You hit the very large slime creature.
The very large slime creature is heavily wounded.
You slash the very large slime creature!
The very large slime creature is heavily wounded.
You barely miss the very large slime creature.
You headbutt the very large slime creature!
The very large slime creature is severely wounded.
You block the very large slime creature's attack.
You hit the very large slime creature.
The very large slime creature is severely wounded.
You block the very large slime creature's attack.
You hit the very large slime creature but do no damage.
Your headbutt misses the very large slime creature.
The very large slime creature is severely wounded.
You slash the very large slime creature!
The very large slime creature is severely wounded.
The very large slime creature hits you!!!
You hit the very large slime creature.
Your headbutt misses the very large slime creature.
The very large slime creature is severely wounded.
You block the very large slime creature's attack.
You slash the very large slime creature!
The very large slime creature is severely wounded.
You slash the very large slime creature!
Your headbutt misses the very large slime creature.
The very large slime creature is almost dead.
You block the very large slime creature's attack.
You barely miss the very large slime creature.
You headbutt the very large slime creature.
The very large slime creature is almost dead.
A slime creature comes into view.
The very large slime creature hits you!!!
You die...

## J# .##
### #J#
... #@#
#.# ##.#
#.###.##
#...##
##.##
#†###
#...##
#...###.##
#..# ##.#


You could see a very large slime creature and a slime creature.

Vanquished Creatures
  Snorg (D:12)
  A hydra (D:12)
  Fannar (D:10)
  4 two-headed ogres
  A centaur warrior (D:10)
  Sonja (D:10)
  A fire crab (shapeshifter) (D:10)
  2 orc knights
  2 ugly things
  A cyclops (D:11)
  An orc sorcerer (Orc:2)
  A manticore (D:12)
  Joseph (D:10)
  A gargoyle (D:7)
  Maggie (D:10)
  A komodo dragon (D:9)
  4 kobold demonologists
  6 trolls
  A hornet (D:10)
  A slime creature (D:12)
  Grinder (D:5)
  A meliai zombie (D:10)
  A shadow (D:11)
  Sigmund (D:5)
  A vampire (D:12)
  3 wyverns
  21 yaks
  A yak (shapeshifter) (D:10)
  2 wraiths (D:11)
  Grum (D:8)
  A vampire mosquito (D:10)
  3 steam dragons
  3 wargs
  2 acid dragons (D:10)
  3 water moccasins
  14 orc warriors
  2 black bears
  An ice beast (D:5)
  3 necrophages (D:6)
  5 ogres
  3 wolves (D:8)
  2 centaurs
  2 phantoms
  A kobold brigand (D:8)
  4 bullfrogs
  3 gnoll sergeants
  2 scorpions
  A water moccasin skeleton (D:3)
  5 killer bees (D:9)
  7 wights
  A howler monkey (D:10)
  A bullfrog zombie (D:7)
  9 centaur zombies
  11 orc priests
  2 gnoll shamans (D:6)
  2 hounds (D:5)
  2 bullfrog skeletons (D:5)
  2 iguanas (D:5)
  A scorpion zombie (D:3)
  Natasha (D:4)
  15 orc wizards
  2 hound skeletons
  2 howler monkey zombies
  A howler monkey skeleton (D:7)
  10 gnolls
  5 adders
  3 white imps
  An ufetubus (D:4)
  An adder zombie (D:3)
  An adder skeleton (D:3)
  A worm (D:2)
  4 dart slugs
  55 orcs
  4 endoplasms
  5 giant cockroaches
  13 goblins
  8 hobgoblins
  4 jackals (D:2)
  5 quokkas
  7 ball pythons
  7 bats
  3 frilled lizards
  A jackal skeleton (D:3)
  16 kobolds
  5 rats
344 creatures vanquished.

Vanquished Creatures (others)
  24 fungi
  28 plants
52 creatures vanquished.

Grand Total: 396 creatures vanquished

Notes
Turn   | Place    | Note
-------+----------+-------------------------------------------
     0 | D:1      | alasdair19 the Minotaur Fighter began the quest for the
                  | Orb.
     0 | D:1      | Reached XP level 1. HP: 19/19 MP: 0/0
   356 | D:1      | Reached XP level 2. HP: 27/27 MP: 1/1
   608 | D:1      | Found a faded altar of an unknown god.
   867 | D:2      | Reached XP level 3. HP: 18/33 MP: 2/2
  1048 | D:2      | Reached skill level 3 in Long Blades
  1915 | D:3      | Found a sacrificial altar of Ru.
  1938 | D:3      | Reached XP level 4. HP: 40/40 MP: 3/3
  2098 | D:3      | Reached skill level 4 in Long Blades
  2392 | D:3      | Reached XP level 5. HP: 38/47 MP: 4/4
  2707 | D:4      | Noticed a phantom
  2781 | D:4      | Found a staircase to the Ecumenical Temple.
  2790 | Temple   | Entered the Ecumenical Temple
  2815 | D:4      | Killed a phantom
  2816 | D:4      | Reached skill level 5 in Long Blades
  2816 | D:4      | Reached XP level 6. HP: 34/53 MP: 5/5
  2862 | D:4      | Reached skill level 5 in Shields
  3133 | D:4      | Found Qouzer's Weapon Shop.
  3139 | D:4      | Identified the +0 short sword of the Sage {vorpal, *Corrode
                  | Int+5 Dex+3}
  3143 | D:4      | Reached skill level 5 in Fighting
  3143 | D:4      | Reached skill level 1 in Throwing
  3143 | D:4      | Reached skill level 5 in Armour
  3183 | D:4      | Reached skill level 6 in Long Blades
  3183 | D:4      | Reached XP level 7. HP: 20/61 MP: 6/6
  3635 | D:4      | Found an ornate altar of the Wu Jian Council.
  3667 | D:4      | Noticed Natasha
  3695 | D:4      | Killed Natasha
  4121 | D:5      | Entered Level 5 of the Dungeon
  4291 | D:5      | Noticed Grinder
  4311 | D:5      | Killed Grinder
  4460 | D:5      | Reached skill level 7 in Long Blades
  4703 | D:5      | Reached XP level 8. HP: 69/69 MP: 7/7
  5189 | D:5      | Noticed Sigmund
  5202 | D:5      | Killed Sigmund
  5455 | D:5      | Reached skill level 8 in Long Blades
  5596 | D:6      | Found Geulluthru's Antique Armour Shoppe.
  5912 | D:6      | Reached XP level 9. HP: 67/78 MP: 8/8
  6106 | D:6      | Reached skill level 9 in Long Blades
  6447 | D:7      | Found a large runed translucent door.
  6451 | D:7      | Found a large runed translucent door.
  6466 | D:7      | Found a white marble altar of Elyvilon.
  6476 | D:7      | Found a shimmering blue altar of Sif Muna.
  6717 | D:7      | Found Esuises's Assorted Antiques.
  6722 | D:7      | Bought a fine pewter ring for 160 gold pieces
  6722 | D:7      | Identified the ring of Nonnidoh {+Blink Int+6 Slay+2} (You
                  | bought it in a shop on level 7 of the Dungeon)
  6822 | D:7      | Found a glowing golden altar of the Shining One.
  7124 | D:7      | Noticed a gargoyle
  7138 | D:7      | Killed a gargoyle
  7139 | D:7      | Reached skill level 5 in Throwing
  7585 | D:8      | Found a bloodstained altar of Trog.
  7585 | D:8      | Noticed a two-headed ogre
  7593 | D:8      | Killed a two-headed ogre
  7594 | D:8      | Reached skill level 10 in Long Blades
  7594 | D:8      | Reached skill level 1 in Evocations
  7675 | D:7      | Reached XP level 10. HP: 64/86 MP: 9/9
  8000 | D:8      | Found an iron altar of Okawaru.
  8050 | D:8      | Became a worshipper of Warmaster Okawaru
  8248 | D:8      | Found a glowing silver altar of Zin.
  8293 | D:8      | Noticed Grum
  8333 | D:8      | Killed Grum
  8584 | D:7      | Reached skill level 11 in Long Blades
  8588 | D:7      | Reached * piety under Okawaru
  8797 | D:8      | Found a sparkling altar of Nemelex Xobeh.
  9299 | D:9      | Reached skill level 1 in Invocations
  9352 | D:9      | Found a staircase to the Lair.
  9593 | D:7      | Bought a blackened marble ring for 160 gold pieces
  9712 | Lair:1   | Entered Level 1 of the Lair of Beasts
  9759 | D:9      | Reached ** piety under Okawaru
  9990 | Lair:1   | Noticed an eight-headed hydra
 10035 | D:10     | Entered Level 10 of the Dungeon
 10320 | D:10     | You fall into a shaft and drop 1 floor!
 10354 | D:11     | Reached XP level 11. HP: 36/95 MP: 12/12
 10422 | D:11     | Reached *** piety under Okawaru
 10665 | D:11     | Reached skill level 12 in Long Blades
 10773 | D:11     | Noticed a red ugly thing
 10784 | D:11     | Killed a red ugly thing
 10810 | D:11     | You fall into a shaft and drop 1 floor!
 10990 | D:12     | Noticed a five-headed hydra
 11003 | D:12     | Killed a five-headed hydra
 11004 | D:12     | Reached skill level 10 in Armour
 11377 | D:10     | Noticed Joseph
 11389 | D:10     | Killed Joseph
 11389 | D:10     | Reached **** piety under Okawaru
 12358 | D:10     | You fall into a shaft and drop 1 floor!
 12463 | D:11     | Found a staircase to the Orcish Mines.
 12993 | D:11     | Found a runed translucent gate.
 12993 | D:11     | Found a runed translucent gate.
 12993 | D:11     | Found a runed translucent gate.
 12993 | D:11     | Noticed dragonscale333's ghost (journeyman MfIE)
 12995 | D:11     | Found a basalt altar of Yredelemnul.
 13015 | D:11     | Reached skill level 10 in Shields
 13407 | Orc:1    | Entered Level 1 of the Orcish Mines
 14007 | Orc:1    | Received a gift from Okawaru
 14113 | Orc:2    | Entered Level 2 of the Orcish Mines
 14243 | Orc:2    | Reached skill level 5 in Invocations
 14687 | Orc:2    | Noticed an orc knight
 14754 | Orc:2    | Noticed an orc sorcerer
 14780 | Orc:2    | Killed an orc sorcerer
 14795 | Orc:1    | Reached ***** piety under Okawaru
 15209 | Orc:2    | Noticed an orc knight
 15244 | Orc:1    | Reached XP level 12. HP: 101/104 MP: 15/15
 15299 | Orc:2    | Noticed Saint Roka
 15565 | Orc:2    | HP: 2/105 [Saint Roka/divine providence (14)]
 16144 | D:10     | Noticed a two-headed ogre
 16144 | D:10     | Noticed a two-headed ogre
 16158 | D:10     | Killed a two-headed ogre
 16166 | D:10     | Killed a two-headed ogre
 16167 | D:10     | Reached skill level 13 in Long Blades
 16533 | D:10     | Found a broken altar of Ashenzari.
 16562 | D:10     | Noticed Sonja
 16576 | D:10     | Killed Sonja
 16576 | D:10     | Received a gift from Okawaru
 16946 | D:10     | Noticed a two-headed ogre
 16956 | D:10     | Killed a two-headed ogre
 17216 | D:10     | Noticed a centaur warrior
 17222 | D:10     | Killed a centaur warrior
 17250 | D:10     | Reached skill level 10 in Fighting
 17302 | D:10     | HP: 1/106 [raiju (shapeshifter)/living lightning (8)]
 17763 | D:10     | Noticed Maggie
 17769 | D:10     | Noticed Fannar
 17782 | D:10     | Killed Maggie
 18636 | D:10     | Killed Fannar
 18637 | D:10     | Reached skill level 1 in Short Blades
 19488 | D:12     | Noticed Snorg
 19497 | D:12     | Killed Snorg
 19676 | D:12     | Received a gift from Okawaru
 19677 | D:12     | Reached XP level 13. HP: 92/113 MP: 17/17
 19777 | D:12     | Slain by a very large slime creature

Illustrated notes

Levels and vault maps discovered:
D:1:      erik_arrival_blinker_ship, layout_basic,
          shapermc_ecumenical_altar_mp_highgroup, minmay_quantized
D:2:      layout_basic, grunt_ministairs_8
D:3:      layout_loops_cross, nicolae_ru_sacrificial_ziggurat, serial_undead,
          serial_undead_a, serial_undead_c, serial_undead_d, serial_undead_b,
          serial_undead_c
D:4:      cheibrodos_old_hovel, layout_basic, nzn_wu_jian_council_hall,
          minmay_temple_entry_statues_pillars, serial_aquarium,
          aquarium_bridge_long_separate [aquarium_subvault_bridge,
          aquarium_subvault_window, aquarium_subvault_bridge,
          aquarium_subvault_bridge, aquarium_subvault_bridge,
          aquarium_subvault_window], aquarium_bridge_straight
          [aquarium_subvault_bridge, aquarium_subvault_window,
          aquarium_subvault_bridge, aquarium_subvault_balcony],
          aquarium_window_corner, aquarium_window_2, aquarium_window_corridor_2,
          aquarium_view_2c, aquarium_balcony_3a, aquarium_pool_side,
          serial_shops, shop, dk_noncrumbling_3, uniq_natasha
D:5:      layout_loops_corners, hex_medium, kennysheep_crisscross, uniq_grinder,
          uniq_sigmund
D:6:      minmay_inner_zag, layout_cave_pools, serial_gnoll_camp,
          gnoll_camp_mini_hut, gnoll_camp_mini_hut, gnoll_camp_mini_shop,
          gnoll_camp_mini_hut, gnoll_camp_mini_hut, st_stairs_9, fountainhead
D:7:      layout_basic, mainiacjoe_overflow_paths, jmf_multi_god_temple2,
          serial_shops, nicolae_shop_stone
D:8:      layout_cave_pools, mainiacjoe_overflow_tiny_flanked,
          lemuel_tele_altar, mainiacjoe_overflow_six_doors_small,
          mainiacjoe_overflow_brackets, uniq_grum
D:9:      layout_roguey, david_lair_shrubbed
D:10:     minmay_razor_zed, layout_basic, ashenzari_conservatory_becter,
          serial_park_tiny_pond, minmay_fractal_squares_gapless_7, uniq_sonja,
          uniq_maggie, uniq_joseph, uniq_fannar
D:11:     layout_grid_maze, david_orc_5, enter_bailey_4,
          nicolae_yredelemnul_ghost_church
D:12:     kennysheep_treasure_stockpile, layout_loops_corners, uniq_snorg
Temple:   nicolae_temple_no_exploring_needed
Lair:1:   layout_misc_corridors
Orc:1:    layout_caves
Orc:2:    grunt_orc_cross, layout_caves

Skill      XL: |  1  2  3  4  5  6  7  8  9 10 11 12 |
---------------+-------------------------------------+-----
Armour         | 4 5 7 8 9 11 12 | 12.3
Shields        | 4 5 6 7 9 10 12 | 12.0
Fighting       | 4 5 6 7 8 9 10 | 10.3
Long Blades    | 3 4 5 6 7 8 10 11 12 13 | 13.7
Throwing       | 1 2 4 5 |  5.1
Evocations     | 2 3 |  3.0
Invocations    | 2 5 7 |  7.2
Short Blades   | 1 |  1.3
Dodging        | |  0.6
Stealth        | |  0.1

Action                   |  1- 3 |  4- 6 |  7- 9 | 10-12 | 13-15 || total
-------------------------+-------+-------+-------+-------+-------++-------
Melee: Long sword        |   122 |   103 |   100 |       |       ||   325
       Headbutt          |    17 |    18 |    64 |   241 |     7 ||   347
       Falchion          |       |       |   178 |   877 |    22 ||  1077
       Dagger            |       |       |       |    28 |       ||    28
       Short sword       |       |       |       |     5 |       ||     5
Throw: Boomerang         |       |     2 |    10 |    43 |       ||    55
       Javelin           |       |       |       |    22 |       ||    22
Invok: Heroism           |       |       |       |     3 |       ||     3
       Finesse           |       |       |       |     3 |       ||     3
 Abil: Evoke Blink       |       |       |       |     1 |       ||     1
Evoke: Wand              |       |       |       |     1 |       ||     1
  Use: Scroll            |     5 |     1 |     6 |    10 |       ||    22
       Potion            |       |     2 |     1 |     6 |       ||     9
Armor: Scale mail        |    55 |    63 |   107 |    14 |       ||   239
       Chain mail        |       |       |       |   195 |       ||   195
       Plate armour      |       |       |       |   289 |       ||   289
Dodge: Dodged            |    32 |    23 |    89 |   235 |       ||   379
Block: Kite shield       |    71 |    52 |   133 |   533 |     9 ||   798
       Rpst.: Long sword |     7 |     4 |     5 |       |       ||    16
       Falchion          |       |       |    14 |    46 |       ||    60
